 Dungeon Crawl Stone Soup version 0.18-a0-1570-gf60b0ab (webtiles) character file.

126 mopl the Insei (level 4, -3/35 HPs)
             Began as a Mummy Monk on Mar 14, 2016.
             Slain by an ice beast (6 damage)
             ... on level 2 of the Dungeon.
             The game lasted 00:05:32 (3520 turns).

mopl the Insei (Mummy Monk)                         Turns: 3520, Time: 00:05:32

Health: -3/35      AC:  0    Str: 14    XL:     4   Next: 84%
Magic:  4/4        EV: 13    Int:  9    God:
Gold:   60         SH:  0    Dex: 15    Spells: 0 memorised, 3 levels left

rFire  x . .     SeeInvis .       - Unarmed
rCold  + . .     Gourm    .     (no armour)
rNeg   + + +     Faith    .     (no shield)
rPois  ∞         Spirit   .     (no helmet)
rElec  .         Dismiss  .     (no cloak)
rCorr  .         Reflect  .     (no gloves)
SustAt .         Harm     .     (no boots)
MR     .....                    (no amulet)
Stlth  ++........               (no ring)
                                (no ring)

@: not resistant to hostile enchantments, unstealthy
A: no food or potions, fire vulnerability, cold resistance 1, negative energy
resistance 3, torment resistance, unbreathing
a: no special abilities


You were on level 2 of the Dungeon.
You were not hungry.

You visited 1 branch of the dungeon, and saw 3 of its levels.

You collected 60 gold pieces.

Inventory:

Armour
 a - a +0 robe
Scrolls
 b - a scroll of teleportation
 d - a scroll of enchant armour
 e - a scroll of fog


   Skills:
 - Level 3.0 Fighting
 - Level 2.4 Dodging
 - Level 1.5 Stealth
 * Level 5.1 Unarmed Combat


You had 3 spell levels left.
You didn't know any spells.

Dungeon Overview and Level Annotations

Branches:
Dungeon (3/15)

Altars:

Annotations:
D:3 Canard's ghost, amateur CeHu


Innate Abilities, Weirdness & Mutations

You do not eat or drink.
Your flesh is vulnerable to fire.
You are immune to poison.
Your flesh is cold resistant.
You are immune to negative energy.
You are immune to unholy pain and torment.
You can survive without breathing.


Message History

The ice beast misses you.
You hit the ice beast.
The ice beast is heavily wounded.
The ice beast hits you. The ice beast freezes you. You resist.
* * * LOW HITPOINT WARNING * * *
You hit the ice beast.
The ice beast is severely wounded.
The ice beast hits you.
* * * LOW HITPOINT WARNING * * *
The ice beast freezes you. You resist.
* * * LOW HITPOINT WARNING * * *
You hit the ice beast but do no damage.
The ice beast is severely wounded.
The ice beast barely misses you.
Read which item? (? for menu, Esc to quit)
Okay, then.
The ice beast hits you.
* * * LOW HITPOINT WARNING * * *
The ice beast freezes you. You resist.
You die...

####### #......### #... #.....#
#........##### #... ##.###.#
#.##.........########...
....##.###.##.......!.##....##...
..%............[(................
.....#...#####........###.#.#####
.....#.#.##...#.#................
......##.##.#!###########<.######
#...>..........Y@.........[......
#.....#(....#.###.#<#....#.######
#.....#(#####.....#.##..##.#
#.....#...........#.....##'#####
#.....#####.............#......#
####### #..........####......#
#.......##.# #.......#
#######<...# #....)..#
##.#####....(..##


You could see an ice beast.

Vanquished Creatures
  5 adders
  2 oozes
  4 dart slugs
  4 giant geckos
  4 orcs (D:2)
  A giant cockroach (D:2)
  6 hobgoblins
  2 jackals (D:2)
  A quokka (D:2)
  2 bats (D:1)
  2 giant newts (D:1)
  9 goblins
  5 kobolds
  9 rats
56 creatures vanquished.

Notes
Turn   | Place    | Note
--------------------------------------------------------------
     0 | D:1      | mopl the Mummy Monk began the quest for the Orb.
     0 | D:1      | Reached XP level 1. HP: 18/18 MP: 1/1
   274 | D:1      | Reached XP level 2. HP: 8/24 MP: 2/2
   846 | D:1      | Reached skill level 4 in Unarmed Combat
  1136 | D:1      | Reached XP level 3. HP: 29/29 MP: 3/3
  1990 | D:2      | Reached XP level 4. HP: 30/35 MP: 4/4
  2485 | D:3      | Noticed Canard's ghost (amateur CeHu)
  2555 | D:2      | Reached skill level 5 in Unarmed Combat
  3033 | D:3      | Noticed an ice beast
  3520 | D:2      | Slain by an ice beast

Vault maps used:
D:1:      moated_graveyard_arrival
D:2:      first_bread
D:3:      lemuel_coloured_pillars_altar

Skill      XL: |  1  2  3  4 |
---------------+-------------+-----
Unarmed Combat | 4 5 |  5.1
Fighting       | |  3.0
Dodging        | |  2.4
Stealth        | |  1.5

Action                   |  1- 3 |  4- 6 || total
-------------------------+-------+-------++-------
Melee: Unarmed           |   114 |   109 ||   223
  Use: Scroll            |     3 |     1 ||     4
 Stab: Sleeping          |     1 |     2 ||     3
       Distracted        |     1 |       ||     1
